 Dungeon Crawl Stone Soup version 0.29.1-4-g47bece8355 (webtiles) character file.

Game seed: 9925692225214908697

10891 melkoren the Cleaver (level 11, -2/101 HPs)
             Began as a Minotaur Berserker on Dec 5, 2022.
             Was a High Priest of Trog.
             Slain by a boulder beetle (41 damage)
             ... on level 10 of the Dungeon.
             The game lasted 00:30:35 (11854 turns).

melkoren the Cleaver (Minotaur Berserker)          Turns: 11854, Time: 00:30:36

Health: -2/101     AC: 19    Str: 27    XL:     11   Next: 42%
Magic:  8/8        EV: 12    Int: 10    God:    Trog [*****.]
Gold:   250        SH:  0    Dex: 13    Spells: 10/10 levels left

rFire   x . .      SeeInvis .   j - +3 battleaxe (freeze)
rCold   + + +      Faith    .   (shield currently unavailable)
rNeg    + . .      Spirit   .   H - +6 chain mail "Ytuykkuq" {rPois rC++ Regen+ Str-2}
rPois   +          Reflect  .   g - +0 hat {Int+3}
rElec   .          Harm     .   t - +0 cloak
rCorr   .          Rampage  .   v - +0 pair of gloves "Leevime" {Slay+2}
Will    .....                   m - +1 pair of boots
Stlth   ..........              n - amulet of regeneration
HPRegen 1.86/turn               l - +6 ring of strength
MPRegen 0.11/turn               p - ring "Isivvola" {Ice Fly rN+ Int+3}

@: on berserk cooldown, flying, slowed, very slow
A: horns 2, retaliatory headbutt, fangs 1, deformed body, deterioration 1, low
MP 1
a: Renounce Religion, Berserk, Trog's Hand, Brothers in Arms


You were on level 10 of the Dungeon.
You worshipped Trog.
Trog was extremely pleased with you.
You visited 1 branch of the dungeon, and saw 10 of its levels.
You also visited: Sewer.

You collected 525 gold pieces.
You spent 275 gold pieces at shops.

Inventory:

Hand Weapons
 a - a +0 hand axe of freezing
 c - a +1 lajatang of electrocution
 d - a +0 whip of flaming
 j - a +3 battleaxe of freezing (weapon)
Armour
 g - a +0 hat of intelligence (worn)
 m - a +1 pair of boots (worn)
 t - a +0 cloak (worn)
 v - the +0 pair of gloves "Leevime" (worn) {Slay+2}
   (You bought it in a shop on level 5 of the Dungeon)

   Slay:      It affects your accuracy & damage with ranged weapons and melee
   (+2).
 H - the +6 chain mail "Ytuykkuq" (worn) {rPois rC++ Regen+ Str-2}
   (You found it on level 5 of the Dungeon)

   Str:       It affects your strength (-2).
   rC:        It greatly protects you from cold.
   rPois:     It protects you from poison.
   Regen:     It increases your rate of health regeneration.
Jewellery
 i - a +6 ring of intelligence
 l - a +6 ring of strength (left hand)
 n - an amulet of regeneration (around neck)
 p - the ring "Isivvola" (right hand) {Ice Fly rN+ Int+3}
   (You found it on level 3 of the Dungeon)

   [ring of ice]

   It enhances your ice magic.
   Int:       It affects your intelligence (+3).
   rF:        It makes you vulnerable to fire.
   rC:        It protects you from cold.
   rN:        It protects you from negative energy.
   Fly:       It grants you flight.
 C - an amulet of the acrobat
Wands
 q - a wand of mindburst (5)
 s - a wand of roots (14)
 B - a wand of flame (31)
Scrolls
 f - 5 scrolls of teleportation
 o - 3 scrolls of blinking
 r - a scroll of silence
 u - a scroll of noise
 x - 3 scrolls of butterflies
 A - a scroll of magic mapping
Potions
 b - 4 potions of lignification
 e - a potion of ambrosia
 h - 4 potions of brilliance
 w - 2 potions of heal wounds
 E - 2 potions of invisibility


   Skills:
 + Level 10.3 Fighting
 * Level 13.7 Axes
 - Level 3.6 Staves
 + Level 10.0 Armour
 + Level 9.1 Dodging


You had 10 spell levels left.
You didn't know any spells.
Your spell library was empty.

Dungeon Overview and Level Annotations

Branches:
Dungeon (10/15)            Temple (0/1) D:4           Sewer (visited)
   Lair: D:8-11         Orc: D:9-12

Altars:
Ashenzari
Elyvilon
Nemelex Xobeh
Ru
Trog
Uskayaw
Xom

Shops:
D:5 *=   D:6 *


Innate Abilities, Weirdness & Mutations

You have a pair of horns on your head.
You reflexively headbutt those who attack you in melee.
You have very sharp teeth.
Armour fits poorly on your strangely shaped body.
Your body sometimes deteriorates upon taking damage.
Your magical capacity is low. (-10% MP)


Message History

You slash the boulder beetle! You freeze the boulder beetle.
You headbutt the boulder beetle!
The boulder beetle is heavily wounded.
The boulder beetle bites you!!
* * * LOW HITPOINT WARNING * * *
You slash the boulder beetle! You freeze the boulder beetle!
The boulder beetle is almost dead.
The boulder beetle leaps!
The teleport trap disappears.
The boulder beetle disappears!
A troll comes into view.
The troll shouts!
The troll moves out of view.
Things that are here:
a +0 scimitar; a yak corpse You are too berserk!
You start resting.
You feel a strong urge to attack something.
You start resting.
You feel your anger nearly subside.
You are no longer berserk.
You are exhausted.
You feel yourself slow down.
A troll is nearby!
A troll is nearby!
A troll is nearby!
You feel much better.
You're still recovering from your berserk rage.
You barely miss the troll. Your headbutt misses the troll.
The troll bites you but does no damage. The troll claws you but does no damage.
The troll barely misses you. x2; The troll misses you.
The troll claws you but does no damage.
You slash the troll! You freeze the troll.
The troll is heavily wounded.
The troll bites you! The troll claws you. The troll completely misses you.
You chop the troll into pieces!!! You freeze the troll.
You kill the troll!
Trog accepts your kill.
The boulder beetle curls into a ball and begins rolling!
You feel your dexterity returning. The boulder beetle hits you!!!
You die...

###.... .#...# #...[..
#.....### #....<.
#....)... ...?...
####........ #......
#..........
#....$.##....#...#
......[..........#
..#########.#.#....#.#
#.°°°○○B@.##.#......#
#.###.###.##.##...###
#.#.#.#####.#..##
#.##.##. .##)## ##....
## ###..### #...
##...## ##.. #....#
#.. ##.#.##.# #......#


You could see a boulder beetle (rolling).

Vanquished Creatures
  Gastronok (D:9)
  A hydra (D:9)
  A two-headed ogre (D:10)
  A skeletal warrior (D:10)
  A cyclops (D:6)
  Maggie (D:6)
  A kobold demonologist (D:9)
  2 trolls
  A hornet (D:8)
  2 dream sheep (D:9)
  A wraith (D:9)
  8 yaks
  A wyvern (D:9)
  2 steam dragons
  An acid dragon (D:9)
  Duvessa (D:6)
  2 water moccasins
  2 orc warriors
  3 black bears
  2 ice beasts
  The ghost of safid the Shooter, an amateur MiHu (D:3)
  2 ogres
  A centaur (D:8)
  Blork the orc (D:4)
  6 kobold brigands
  2 gnoll sergeants
  2 necrophages
  2 bullfrogs
  3 scorpions
  13 wights
  Dowan (D:6)
  9 killer bees (D:8)
  5 orc priests
  2 hounds
  6 jellies
  Crazy Yiuf (D:6)
  10 orc wizards
  13 gnolls
  8 adders
  2 river rats (D:3)
  A shadow imp (D:7)
  A white imp (D:6)
  2 ufetubi
  3 worms
  A dart slug (D:1)
  16 orcs
  9 endoplasms
  10 giant cockroaches
  2 goblins (D:1)
  6 hobgoblins
  3 jackals (D:1)
  7 quokkas
  10 ball pythons
  8 bats
  9 frilled lizards
  19 kobolds
  2 rats
234 creatures vanquished.

Vanquished Creatures (others)
  3 plants (D:9)
3 creatures vanquished.

Grand Total: 237 creatures vanquished

Notes
Turn   | Place    | Note
-------+----------+-------------------------------------------
     0 | D:1      | melkoren the Minotaur Berserker began the quest for the
                  | Orb.
     0 | D:1      | Reached XP level 1. HP: 19/19 MP: 0/0
   168 | D:1      | Found a faded altar of an unknown god.
   175 | D:1      | Reached XP level 2. HP: 23/27 MP: 1/1
   223 | D:1      | Reached skill level 4 in Axes
   474 | D:1      | Reached ** piety under Trog
   500 | D:1      | Reached XP level 3. HP: 33/33 MP: 2/2
  1765 | D:2      | Reached XP level 4. HP: 40/40 MP: 3/3
  2469 | D:3      | Found a glowing drain.
  2555 | Sewer    | Entered a sewer
  2684 | Sewer    | Reached skill level 5 in Axes
  2743 | Sewer    | Reached XP level 5. HP: 44/47 MP: 4/4
  2749 | Sewer    | Reached *** piety under Trog
  3220 | D:3      | Found a white marble altar of Elyvilon.
  3220 | D:3      | Found a sacrificial altar of Ru.
  3361 | D:3      | Identified the ring "Isivvola" {Ice Fly rN+ Int+3}
  3688 | D:3      | Found a large runed translucent door.
  3689 | D:3      | Found a large runed translucent door.
  3692 | D:3      | Noticed safid's ghost (amateur MiHu)
  3838 | D:3      | Killed safid's ghost
  3839 | D:3      | Reached skill level 6 in Axes
  3839 | D:3      | Reached XP level 6. HP: 55/55 MP: 5/5
  3924 | D:4      | Noticed Blork the orc
  3937 | D:4      | Killed Blork the orc
  3938 | D:4      | Reached skill level 5 in Fighting
  4109 | D:4      | Reached XP level 7. HP: 61/61 MP: 6/6
  4119 | D:4      | Found a staircase to the Ecumenical Temple.
  4311 | D:5      | Entered Level 5 of the Dungeon
  4473 | D:5      | Reached skill level 7 in Axes
  4511 | D:5      | Reached skill level 5 in Armour
  4538 | D:5      | Found Degg's Assorted Antiques.
  4550 | D:5      | Bought a pair of jewelled gloves for 275 gold pieces
  4550 | D:5      | Identified the +0 pair of gloves "Leevime" {Slay+2} (You
                  | bought it in a shop on level 5 of the Dungeon)
  4569 | D:5      | Identified the +6 chain mail "Ytuykkuq" {rPois rC++ Regen+
                  | Str-2}
  4613 | D:5      | Noticed a +0 dagger
  4613 | D:5      | Noticed a +0 dagger
  4614 | D:5      | Noticed a +0 short sword
  4614 | D:5      | Noticed a +0 spear
  4614 | D:5      | Noticed a +0 short sword
  4616 | D:5      | Noticed a +0 falchion
  4616 | D:5      | Noticed a +0 spear
  4617 | D:5      | Noticed a +0 falchion
  5052 | D:5      | Found Muimit's Jewellery Shop.
  5138 | D:5      | Found a hide-covered altar of Uskayaw.
  5669 | D:5      | Identified a scroll of acquirement
  5674 | D:5      | Gained mutation: You have hidden genetic defects. [potion
                  | of mutation]
  5674 | D:5      | Gained mutation: You have very sharp teeth. [potion of
                  | mutation]
  5674 | D:5      | Gained mutation: Armour fits poorly on your strangely
                  | shaped body. [potion of mutation]
  5711 | D:6      | Found a bloodstained altar of Trog.
  5720 | D:6      | Reached XP level 8. HP: 63/70 MP: 7/7
  5727 | D:6      | Reached skill level 8 in Axes
  5727 | D:6      | Reached skill level 5 in Dodging
  5733 | D:6      | Reached **** piety under Trog
  5744 | D:6      | Gained mutation: Your magical capacity is low. (-10% MP)
                  | [hidden defects]
  6096 | D:6      | Acquired a +1 lajatang of electrocution
  6190 | D:6      | Found a broken altar of Ashenzari.
  6192 | D:6      | Gained mutation: Your body sometimes deteriorates upon
                  | taking damage. [hidden defects]
  6192 | D:6      | Lost mutation: You have hidden genetic defects. [hidden
                  | defects expressed]
  6229 | D:6      | Reached skill level 9 in Axes
  6709 | D:6      | Reached skill level 1 in Staves
  6794 | D:6      | Found a shimmering altar of Xom.
  6862 | D:6      | Found Cinifal's Assorted Antiques.
  6862 | D:6      | Noticed a cyclops
  6871 | D:6      | Killed a cyclops
  6872 | D:6      | Reached XP level 9. HP: 79/79 MP: 7/7
  7027 | D:6      | Found a runed translucent door.
  7028 | D:6      | Noticed Crazy Yiuf
  7030 | D:6      | Noticed Maggie
  7034 | D:6      | Killed Crazy Yiuf
  7039 | D:6      | Killed Maggie
  7296 | D:6      | Noticed Dowan
  7297 | D:6      | Noticed Duvessa
  7305 | D:6      | Killed Duvessa
  7306 | D:6      | Reached skill level 10 in Axes
  7310 | D:6      | Killed Dowan
  7668 | D:7      | Identified the +0 leather armour of the Candlemaker
                  | {Slay+3}
  8053 | D:7      | Found a sparkling altar of Nemelex Xobeh.
  8106 | D:7      | Reached ***** piety under Trog
  8353 | D:7      | Reached skill level 11 in Axes
  8574 | D:8      | Noticed a troll
  8588 | D:8      | Killed a troll
  8589 | D:8      | Reached XP level 10. HP: 62/90 MP: 8/8
  8795 | D:8      | Paralysed by a hornet for 1 turns
  9646 | D:9      | Noticed a rust devil
  9703 | D:9      | Reached skill level 12 in Axes
  9725 | D:9      | Noticed a two-headed hydra
  9732 | D:9      | Killed a two-headed hydra
 11154 | D:9      | Noticed Gastronok
 11167 | D:9      | Killed Gastronok
 11168 | D:9      | Reached skill level 13 in Axes
 11168 | D:9      | Reached XP level 11. HP: 67/99 MP: 8/8
 11463 | D:9      | Reached skill level 10 in Fighting
 11683 | D:10     | Entered Level 10 of the Dungeon
 11754 | D:10     | Noticed a two-headed ogre
 11767 | D:10     | Killed a two-headed ogre
 11813 | D:10     | Noticed a skeletal warrior
 11816 | D:10     | Noticed a boulder beetle
 11838 | D:10     | Killed a skeletal warrior
 11839 | D:10     | Reached skill level 10 in Armour
 11841 | D:10     | HP: 6/151 [boulder beetle (22)]
 11854 | D:10     | Slain by a boulder beetle

Illustrated notes

Levels and vault maps discovered:
D:1:      dpeg_arrival_triangle_fractal, layout_rooms,
          dreamdust_ecumenical_altar_statues
D:2:      layout_loops_ring, serial_co_window_serial, co_window_paths_b,
          co_window_corner_a, co_window_of_opportunity_a, co_window_paths_a,
          co_window_paths_a, co_window_corner_b, co_window_corner_ca,
          co_window_corner_ca, glass_columns_a, glass_columns_a,
          grunt_ministairs_6, minmay_heptomino_l4
D:3:      layout_loops_ring, gammafunk_temple_overflow_wave,
          portal_sewer_entry_e, ebering_ghost_disaster_area
D:4:      layout_rooms, minmay_temple_entry_gardened_gates, uniq_blork_the_orc
D:5:      layout_layer_cave, nicolae_uskayaw_en_pointe,
          chequers_ossuary_entry_cave, serial_shops,
          nicolae_shop_overgrown_old_shop, kennysheep_little_box,
          grunt_decor_resistance
D:6:      layout_basic, mainiacjoe_overflow_catwalk, xom_teletrap_fun,
          evilmike_ruin_ashenzari, serial_shops, nicolae_shop_statue_plus,
          uniq_duvessa, uniq_crazy_yiuf_cottage, uniq_maggie
D:7:      layout_basic, nemelex_dance_club_becter
D:8:      layout_basic
D:9:      layout_roguey, hangedman_ranch, uniq_gastronok
D:10:     minmay_the_grid_triangle_9x9_rhombus_thin
          [minmay_the_grid_triangle_9x9_sprig,
          minmay_the_grid_triangle_9x9_prize_special,
          minmay_the_grid_triangle_9x9_warning,
          minmay_the_grid_triangle_9x9_odd_lines], layout_loops_ring,
          special_room [special_room_bee], serial_shops, shop,
          hangedman_decor_peaks_small

Skill      XL: |  1  2  3  4  5  6  7  8  9 10 11 |
---------------+----------------------------------+-----
Axes           | 4 5 6 7 9 11 13 | 13.7
Fighting       | 4 5 6 7 8 9 10 | 10.3
Armour         | 3 4 5 6 8 9 10 | 10.0
Dodging        | 3 4 6 7 8 9 |  9.1
Staves         | 2 3 |  3.6

Action                   |  1- 3 |  4- 6 |  7- 9 | 10-12 || total
-------------------------+-------+-------+-------+-------++-------
Melee: Hand axe          |    18 |    28 |    81 |       ||   127
       Headbutt          |    13 |    16 |    35 |    26 ||    90
       Whip              |    56 |   105 |       |     6 ||   167
       Punch             |     1 |     1 |     1 |       ||     3
       Bite              |       |       |    16 |    27 ||    43
       Lajatang          |       |       |    51 |       ||    51
       Battleaxe         |       |       |    75 |   132 ||   207
Invok: Berserk           |       |     2 |     2 |     3 ||     7
       Trog's Hand       |       |     1 |       |       ||     1
  Use: Scroll            |     4 |     6 |     7 |     4 ||    21
       Potion            |     3 |       |     7 |     2 ||    12
Armor: Animal skin       |     4 |       |       |       ||     4
       Ring mail         |    15 |    60 |    47 |       ||   122
       Steam dragon scal |       |       |    30 |    25 ||    55
       Chain mail        |       |       |       |    30 ||    30
Dodge: Dodged            |    33 |    96 |   132 |    93 ||   354
